 Dungeon Crawl Stone Soup version 0.31.0-7-gf635a9b802 (webtiles) character file.

Game seed: 8174260168519734943

42 zenocrate the Sneak (level 3, -3/16 HPs)
             Began as a Vine Stalker Enchanter on Jan 23, 2024.
             Slain by a gnoll
             ... wielding a +0 halberd
              (10 damage)
             ... on level 1 of the Dungeon.
             The game lasted 00:01:02 (752 turns).

zenocrate the Sneak (Vine Stalker Enchanter)         Turns: 752, Time: 00:01:02

Health: -3/16      AC:  2    Str: 10    XL:     3   Next: 56%
Magic:  0/7        EV: 12    Int: 15    God:
Gold:   49         SH:  0    Dex: 16    Spells: 1/6 levels left

rFire   . . .        a - +1 dagger
rCold   . . .        (no shield)
rNeg    . . .        b - +0 robe
rPois   .            (no helmet)
rElec   .            (no cloak)
rCorr   .            (no gloves)
SInv    .            (no boots)
Will    .....        (no amulet)
Stlth   +++          (no ring)
HPRegen 1.02/turn    (no ring)
MPRegen 0.10/turn

%: guardian spirit
@: no status effects
A: fangs 2, regeneration 1, magic shield, antimagic bite, no potion heal 2
a: no special abilities


You were on level 1 of the Dungeon.
You visited 1 branch of the dungeon, and saw 2 of its levels.

You collected 49 gold pieces.

Inventory:

Hand Weapons
 a - a +1 dagger (weapon)
Armour
 b - a +0 robe (worn)
Scrolls
 d - a scroll of teleportation
 e - a scroll of identify
 f - a scroll of blinking
Potions
 c - 2 potions of invisibility


   Skills:
 + Level 1.5 Short Blades
 + Level 2.0 Dodging
 * Level 4.3 Stealth
 - Level 2.1 Spellcasting
 + Level 3.3 Hexes
 + Level 0.6 Ice Magic


You had one spell level left.
You knew the following spells:

 Your Spells              Type           Power      Damage    Failure   Level
a - Ensorcelled Hibernat  Hex/Ice        14%        N/A       14%         2
b - Confusing Touch       Hex            11%        N/A       17%         3

Your spell library contained the following spells:

 Spells                   Type           Power      Damage    Failure   Level
 Tukima's Dance           Hex            11%        N/A       17%         3
 Dazzling Flash           Conj/Hex       12%        N/A       32%         3


Dungeon Overview and Level Annotations

Branches:
Dungeon (2/15)

Altars:


Innate Abilities, Weirdness & Mutations

You have extremely sharp teeth.
Your natural rate of healing is unusually fast.
When hurt, damage is shared between your health and your magic reserves.
Your bite disrupts and absorbs the magic of your enemies.
Potions cannot restore your health.


Message History

You climb downwards.
The gnoll closely misses you. The gnoll barely misses you.
There is a stone staircase leading up here.
You see here a +0 club.
Unknown command.
Unknown command.
The gnoll barely misses you. x2
You climb upwards.
There is a stone staircase leading down here.
Unknown command.
Casting: Ensorcelled Hibernation (safe; 14% risk of failure)
Confirm with . or Enter, or press ? or * to list all spells.
Aiming: Ensorcelled Hibernation (safe; 14% risk of failure)
Press: ? - help, Shift-Dir - straight line, f - gnoll
Aim: a gnoll, wielding a +0 halberd (chance to affect: 50%)
The gnoll resists with some effort.
The gnoll closely misses you. The gnoll hits you with a +0 halberd.
Unknown command.
Casting: Ensorcelled Hibernation (safe; 14% risk of failure)
Confirm with . or Enter, or press ? or * to list all spells.
Aiming: Ensorcelled Hibernation (safe; 14% risk of failure)
Press: ? - help, Shift-Dir - straight line, f/p - gnoll
Aim: a gnoll, wielding a +0 halberd (chance to affect: 50%)
The gnoll resists with some effort.
The gnoll hits you but does no damage. The gnoll misses you.
Unknown command.
Casting: Ensorcelled Hibernation (safe; 14% risk of failure)
Confirm with . or Enter, or press ? or * to list all spells.
Aiming: Ensorcelled Hibernation (safe; 14% risk of failure)
Press: ? - help, Shift-Dir - straight line, f/p - gnoll
Aim: a gnoll, wielding a +0 halberd (chance to affect: 50%)
The gnoll resists with some effort.
The gnoll misses you. The gnoll closely misses you.
Unknown command.
You hit the gnoll.
The gnoll is lightly wounded.
The gnoll hits you with a +0 spear!
Ouch! That really hurt!
The gnoll hits you with a +0 halberd!
Ouch! That really hurt!
You die...

..#####.........##....#####..##
...##...#..#######.##.......##
......#........# #.######..##
.............).###.# #.##
####............##.# #.# #
###.............# #.# #
##..........#.######.# #
##..........†..#......#
#...........@g.#......#
##.#........g.#........#######
#..#..........#...............
####.##........#.#.#...#.#.#.#.#.
.....#######...................).
###### ####.......#.#.#.#.#.# #
##....#.#.............
###..##.....#.#.#.#.#.#.
#...####................


You could see 2 gnolls.

Vanquished Creatures
  A gnoll (D:1)
  2 dart slugs (D:1)
  4 ball pythons (D:1)
  3 bats (D:1)
  An endoplasm (D:1)
  A giant cockroach (D:1)
  A goblin (D:2)
  3 hobgoblins (D:1)
  6 kobolds (D:1)
  A quokka (D:1)
  A frilled lizard (D:1)
  2 rats (D:1)
26 creatures vanquished.

Notes
Turn   | Place    | Note
-------+----------+-------------------------------------------
     0 | D:1      | zenocrate the Vine Stalker Enchanter began the quest for
                  | the Orb.
     0 | D:1      | Reached XP level 1. HP: 9/9 MP: 4/4
    34 | D:1      | Reached skill level 1 in Short Blades
   109 | D:1      | Reached XP level 2. HP: 13/13 MP: 6/6
   118 | D:1      | Learned a level 2 spell: Ensorcelled Hibernation
   226 | D:1      | Reached skill level 4 in Stealth
   404 | D:1      | Reached XP level 3. HP: 16/16 MP: 7/7
   621 | D:2      | Learned a level 3 spell: Confusing Touch
   752 | D:1      | Slain by a gnoll

Illustrated notes

Levels and vault maps discovered:
D:1:      scummos_arrival_hexagon, layout_rooms, hex_large
D:2:      layout_loops_ring, shapermc_ecumenical_altar_venn, uniq_jessica

Skill      XL: |  1  2  3 |
---------------+----------+-----
Short Blades   | 1 |  1.5
Stealth        | 4 |  4.3
Dodging        | 2 |  2.0
Spellcasting   | |  2.1
Hexes          | |  3.3
Ice Magic      | |  0.6

Action                     || total
---------------------------++-------
  Melee: Dagger            ||    85
         Bite              ||    11
         Punch             ||     1
   Cast: Ensorcelled Hiber ||     9
    Use: Scroll            ||     2
   Stab: Sleeping          ||     7
 Armour: Robe              ||    58
  Dodge: Dodged            ||    73
